 Dungeon Crawl Stone Soup version 0.32-a0-543-gefe97123c3 (webtiles) character file.

Game seed: 6042808028079669773

47 CrazyBamboolord the Grave Robber (level 3, -1/29 HPs)
             Began as a Mountain Dwarf Necromancer on Feb 29, 2024.
             Slain by a gnoll
             ... wielding a +0 spear
              (8 damage)
             ... on level 2 of the Dungeon.
             The game lasted 00:01:53 (665 turns).

CrazyBamboolord the Grave Robber (MDNe)              Turns: 665, Time: 00:01:53

Health: -1/29      AC:  2    Str: 10    XL:     3   Next: 48%
Magic:  0/6        EV: 11    Int: 17    God:
Gold:   46         SH:  0    Dex: 10    Spells: 5/6 levels left

rFire   . . .        b - +0 dagger
rCold   . . .        (no shield)
rNeg    . . .        a - +0 robe
rPois   .            (no helmet)
rElec   .            (no cloak)
rCorr   .            (no gloves)
SInv    +            (no boots)
Will    .....        (no amulet)
Stlth   ++           e - ring of flight
HPRegen 0.24/turn    g - ring of see invisible
MPRegen 0.10/turn

%: no passive effects
@: flying
A: runic magic, artefact enchanting
a: no special abilities


You were on level 2 of the Dungeon.
You visited 1 branch of the dungeon, and saw 2 of its levels.

You collected 46 gold pieces.

Inventory:

Hand Weapons
 b - a +0 dagger (weapon)
Armour
 a - a +0 robe (worn)
Jewellery
 e - a ring of flight (left hand)
 g - a ring of see invisible (right hand)
Scrolls
 c - a scroll of vulnerability {unknown}
 d - 2 scrolls of identify
 i - a scroll of blinking {unknown}
Potions
 f - a potion of curing
 h - a potion of might {unknown}
 j - a potion of lignification {unknown}


   Skills:
 * Level 1.8 Fighting
 * Level 1.8 Armour
 - Level 1.3 Dodging
 - Level 1.4 Stealth
 + Level 2.1 Spellcasting
 + Level 4.6 Necromancy


You had 5 spell levels left.
You knew the following spells:

 Your Spells              Type           Power      Damage    Failure   Level
a - Necrotise             Necr           68%        1d7       2%          1

Your spell library contained the following spells:

 Spells                   Type           Power      Damage    Failure   Level
 Vampiric Draining        Necr           17%        2d7       9%          3
 Animate Dead             Necr           17%        N/A       28%         4
 Curse of Agony           Necr           17%        N/A       61%         5


Dungeon Overview and Level Annotations

Branches:
Dungeon (1/15)

Altars:


Innate Abilities, Weirdness & Mutations

Your spellcasting is much less encumbered by armour.
You can use scrolls of enchantment on lesser artefacts.


Message History

Press: ? - help, Q - select action Shift-Dir - straight line, f - gnoll
Aim: a gnoll, wielding a +0 spear (ally target, chance to affect: 81%)
The gnoll writhes in agony.
The gnoll barely misses you.
Unknown command.
Your frilled lizard skeleton barely misses the gnoll.
The gnoll closely misses you.
You hit the gnoll.
The gnoll is moderately wounded.
The gnoll closely misses you.
Your frilled lizard skeleton barely misses the gnoll.
You hit the gnoll but do no damage.
The gnoll is moderately wounded.
The gnoll closely misses you.
You closely miss the gnoll.
The gnoll is moderately wounded.
Your frilled lizard skeleton bites the gnoll but does no damage.
The gnoll hits you with a +0 spear.
You barely miss the gnoll.
The gnoll is moderately wounded.
Your frilled lizard skeleton barely misses the gnoll.
The gnoll hits you with a +0 spear.
* * * LOW HITPOINT WARNING * * *
You feel better.
Your frilled lizard skeleton bites the gnoll but does no damage.
The gnoll hits you with a +0 spear!
* * * LOW HITPOINT WARNING * * *
You closely miss the gnoll.
The gnoll is moderately wounded.
The gnoll hits you with a +0 spear.
* * * LOW HITPOINT WARNING * * *
Your frilled lizard skeleton barely misses the gnoll.
You feel better. The gnoll closely misses you.
Aiming: Necrotise (safe; 2% risk of failure)
Press: ? - help, Q - select action Shift-Dir - straight line, f/p - gnoll
Aim: a gnoll, wielding a +0 spear (moderately wounded, ally target, chance to affect: 81%)
The gnoll writhes in agony.
Your frilled lizard skeleton bites the gnoll but does no damage.
The gnoll hits you with a +0 spear!
You die...

#......# #..Z####
#...# #.####...#
.........# ###
#.####..## #.. #..#
########.#
#..#########
#........#
#..ZZg@....#
#.########
#...######.# #.# #..>#
#.# #.# ##.## #.# #.#
#.# #.###.########
#.#######......)......
#..........###########
############


You could see a gnoll (ally target), a friendly frilled lizard skeleton and a
friendly gnoll skeleton.

Vanquished Creatures
  2 gnolls (D:2)
  A dart slug (D:1)
  2 ball pythons (D:1)
  An endoplasm (D:1)
  3 goblins
  3 hobgoblins (D:1)
  5 kobolds (D:1)
  A quokka (D:2)
  A bat (D:1)
  3 frilled lizards
  2 rats (D:1)
24 creatures vanquished.

Vanquished Creatures (collateral kills)
  A quokka (D:1)
  A rat (D:1)
2 creatures vanquished.

Grand Total: 26 creatures vanquished

Notes
Turn   | Place    | Note
-------+----------+-------------------------------------------
     0 | D:1      | CrazyBamboolord the Mountain Dwarf Necromancer began the
                  | quest for the Orb.
     0 | D:1      | Reached XP level 1. HP: 14/14 MP: 3/3
    97 | D:1      | Reached XP level 2. HP: 22/22 MP: 1/4
   131 | D:1      | Reached skill level 1 in Armour
   144 | D:1      | Reached skill level 1 in Fighting
   528 | D:1      | You are sucked into a shaft and drop 1 floor!
   627 | D:2      | Reached XP level 3. HP: 28/28 MP: 2/6
   663 | D:2      | HP: 1/29 [gnoll/+0 spear (6)]
   665 | D:2      | Slain by a gnoll

Illustrated notes

Levels and vault maps discovered:
D:1:      dpeg_arrival_windows_large_door, layout_rooms
D:2:      layout_loops_ring, serial_shops, nicolae_shop_statue_plus,
          kennysheep_pointless_box, minmay_liquid_box

Skill      XL: |  1  2 |
---------------+-------+-----
Armour         | 1 |  1.8
Fighting       | 1 |  1.8
Spellcasting   | 2 |  2.1
Dodging        | |  1.3
Stealth        | |  1.4
Necromancy     | |  4.6

Action                     || total
---------------------------++-------
  Melee: Unarmed           ||     5
         Dagger            ||    19
   Cast: Necrotise         ||    42
    Use: Potion            ||     3
         Scroll            ||     1
 Armour: Robe              ||    33
  Dodge: Dodged            ||    23

Table legend: (Time is in decaauts)
 A = Elapsed time spent in this place.
 B = Non-inter-level travel time spent in this place.
 C = Inter-level travel time spent in this place.
 D = Time resting spent in this place.
 E = Time spent auto-exploring this place.
 F = Levels seen in this place.
 G = Mean time per level.
                   A        B        C        D        E       F      G
               +--------+--------+--------+--------+--------+-----+--------+
         Total |    663 |    663 |      0 |     38 |    440 |   2 |  331.5 |
       Dungeon |    663 |    663 |      0 |     38 |    440 |   2 |  331.5 |
               +--------+--------+--------+--------+--------+-----+--------+

Top non-repeatable levels by time:
     D:1: 526 daAuts
     D:2: 136 daAuts
